Map: Ruins of Seras

Players

State

  • Race: Protoss Protoss
  • League: Master

PiLiPiLi - Winner!

  • Race: Protoss Protoss
  • League: Master

VOD

Have the link to the VOD?

Description

Time

  • Played on: Feb. 1, 2016, 4:19 p.m.
  • Length: 11:16
Show
View Real Time Build Order
Export as new Build Order

State Protoss 

Build Orders: Phoenix Opening 

Get SALT Encoding   

  12  0:01  Probe (Chrono Boost)  
  13  0:11  Probe (Chrono Boost)  
  14  0:17  Pylon  
  14  0:23  Probe (Chrono Boost)  
  15  0:36  Probe (Chrono Boost)  
  15  0:38  Gateway  
  16  0:46  Assimilator, Probe (Chrono Boost)  
  17  0:53  Assimilator  
  18  0:57  Probe (Chrono Boost)  
  18  1:07  Probe (Chrono Boost)  
  18  1:09  Gateway  
  19  1:18  Probe (Chrono Boost)  
  20  1:25  Cybernetics Core  
  20  1:30  Probe (Chrono Boost)  
  21  1:36  Pylon  
  21  1:41  Probe (Chrono Boost)  
  22  1:51  Probe (Chrono Boost)  
  27  2:02  Adept x2 (Chrono Boost), Warp Gate (Chrono Boost)  
  27  2:12  Stargate  
  27  2:22  Mothership Core  
  29  2:33  Pylon  
  29  2:41  Pylon  
  29  2:43  Probe  
  30  2:55  Probe  
  31  3:00  Phoenix (Chrono Boost)  
  32  3:08  Probe  
  32  3:11  Stalker x2  
  37  3:16  Pylon  
  37  3:20  Probe  
  38  3:32  Probe  
  38  3:33  Phoenix (Chrono Boost)  
  39  3:55  Phoenix (Chrono Boost)  
  39  4:09  Nexus  
  39  4:20  Robotics Facility  
  39  4:27  Phoenix (Chrono Boost)  
  41  4:32  Probe  
  41  4:35  Pylon  
  42  4:46  Probe  
  42  4:48  Phoenix (Chrono Boost)  
  45  4:58  Probe  
  46  5:10  Probe  
  46  5:12  Stalker x2  
  51  5:18  Pylon  
  50  5:23  Probe  
  50  5:24  Probe  
  52  5:34  Probe  
  52  5:35  Probe  
  48  5:43  Stalker  
  48  5:47  Probe  
  48  5:48  Probe  
  46  5:54  Phoenix  
  46  6:00  Probe  
  46  6:02  Stalker  
  49  6:15  Immortal (Chrono Boost)  
  52  6:24  Pylon  
  50  6:46  Phoenix  
  52  6:59  Pylon  
  52  7:07  Zealot  
  54  7:11  Pylon  
  54  7:18  Immortal (Chrono Boost)  
  57  7:32  Phoenix  
  57  7:35  Stalker  
  61  7:39  Stalker  
  63  7:58  Nexus  
  59  8:15  Phoenix  
  57  8:20  Sentry x2  
  57  8:35  Immortal (Chrono Boost)  
  61  8:46  Phoenix  
  51  9:10  Stalker  
  51  9:11  Stalker  
  53  9:18  Phoenix (Chrono Boost)  
  49  9:38  Pylon  
  49  9:41  Phoenix (Chrono Boost)  
  51  9:50  Immortal (Chrono Boost)  
  55  9:53  Probe  
  55  9:54  Probe  
  55  10:03  Stalker  
  55  10:06  Probe  
  50  10:28  Immortal (Chrono Boost)  
  50  10:29  Zealot x2  
  50  10:34  Phoenix  
  54  10:36  Pylon  
  56  10:43  Gateway  
  56  10:52  Pylon  
  56  10:56  Stalker x2  
Show
View Real Time Build Order
Export as new Build Order

PiLiPiLi Protoss - Winner!

Build Orders:  

Get SALT Encoding   

  12  0:01  Probe (Chrono Boost)  
  13  0:11  Probe (Chrono Boost)  
  14  0:19  Pylon  
  14  0:23  Probe (Chrono Boost)  
  15  0:38  Gateway, Probe (Chrono Boost)  
  16  0:42  Assimilator  
  16  0:48  Probe (Chrono Boost)  
  17  0:51  Assimilator  
  17  0:59  Probe (Chrono Boost)  
  18  1:05  Gateway  
  18  1:09  Probe (Chrono Boost)  
  19  1:20  Probe (Chrono Boost)  
  20  1:26  Cybernetics Core  
  20  1:30  Probe (Chrono Boost)  
  21  1:38  Pylon  
  21  1:42  Probe (Chrono Boost)  
  22  1:53  Probe (Chrono Boost)  
  23  2:03  Stalker  
  23  2:04  Stalker  
  23  2:08  Warp Gate (Chrono Boost)  
  27  2:14  Mothership Core  
  29  2:23  Pylon  
  28  2:37  Stalker (Chrono Boost)  
  30  2:41  Stalker (Chrono Boost)  
  32  2:44  Probe  
  33  3:05  Probe  
  34  3:08  Stalker (Chrono Boost)  
  34  3:11  Stalker (Chrono Boost)  
  38  3:14  Pylon  
  37  3:33  Probe  
  36  3:48  Probe  
  37  4:00  Probe, Nexus  
  36  4:18  Stalker  
  36  4:19  Stalker  
  40  4:26  Probe  
  41  4:38  Pylon  
  41  4:41  Probe (Chrono Boost)  
  41  4:45  Twilight Council  
  42  4:52  Probe (Chrono Boost)  
  43  4:58  Stalker x2  
  46  5:01  Gateway  
  46  5:12  Probe (Chrono Boost)  
  47  5:19  Blink (Chrono Boost)  
  47  5:26  Stalker x2  
  39  5:57  Stalker  
  39  5:58  Stalker  
  39  6:00  Probe  
  44  6:06  Stalker  
  44  6:16  Probe  
  45  6:21  Stalker x2  
  50  6:28  Probe  
  50  6:34  Pylon  
  46  6:49  Stalker x2  
  46  6:50  Stalker  
  51  6:55  Probe  
  51  6:56  Probe  
  53  7:03  Robotics Facility  
  53  7:07  Probe  
  53  7:08  Probe  
  54  7:19  Probe  
  53  7:31  Stalker x3  
  53  7:36  Probe  
  60  7:37  Probe  
  61  7:48  Probe  
  61  7:51  Observer (Chrono Boost)  
  63  7:54  Stalker x2  
  63  7:55  Stalker  
  69  8:01  Pylon, Probe  
  62  8:17  Stalker x2  
  62  8:18  Stalker  
  52  8:35  Gateway x2  
  52  8:42  Stalker  
  52  8:43  Assimilator  
  52  8:45  Assimilator  
  54  8:57  Stalker  
  54  8:58  Stalker  
  58  9:06  Stalker  
  52  9:33  Stalker x3  
  56  9:42  Pylon  
  56  9:44  Stalker x2  
  60  9:58  Stalker x3  
  64  10:19  Stalker  
  64  10:20  Stalker x2  
  62  10:35  Stalker x2  
  60  10:40  Stalker  
  60  10:42  Stalker x2  
  60  11:07  Stalker x3  
  60  11:08  Stalker x2  
Tags
 
Add a new tag
Caveats
  • Supply blocks, unpowered buildings, or Contaminate may cause inaccurate times.
  • Supply counts are checked every 10 seconds.